Connexion

COLUMBUS Blue Jackets vs BUFFALO Sabres (R4)

Created - 31 décembre 2023 at 06:05

Goals
1 2 3 T
COLUMBUS Blue Jackets 3 1 0 4
BUFFALO Sabres 1 1 1 3
Shots
1 2 3 T
COLUMBUS Blue Jackets 13 7 15 35
BUFFALO Sabres 16 14 14 44

GoalsPenalties
1st period
1. COLUMBUS Blue Jackets , Carson Soucy 8 (Tyler Johnson 35, William Lagesson 12) at 2:17
2. COLUMBUS Blue Jackets , Tyler Johnson 22 (John Marino 36, Dante Fabbro 31) at 3:46 (PP)
3. BUFFALO Sabres , Brandon Saad 20 (Tyler Myers 10, Ryan Johansen 35) at 4:30
4. COLUMBUS Blue Jackets , Tyler Johnson 23 (Jack Roslovic 42, Jordan Gross 15) at 15:48
Michael Del Zotto (BUF) for Holding (Minor) at 3:18
Yan Gourde (CLB) for Interference (Minor) at 8:25
John Marino (CLB) for Roughing (Minor) at 11:34
2nd period
5. COLUMBUS Blue Jackets , Tyler Johnson 24 (John Marino 37) at 7:19
6. BUFFALO Sabres , Conor Sheary 23 (Nelson Nogier 20, Brandon Saad 17) at 12:20
Artturi Lehkonen (CLB) for Tripping (Minor) at 1:01
Hampus Lindholm (BUF) for Interference (Minor) at 9:28
Rudolfs Balcers (CLB) for Hooking (Minor) at 19:22
3rd period
7. BUFFALO Sabres , Robby Fabbri 22 (Mikhail Grigorenko 24, Nelson Nogier 21) at 8:50 (PP)
Timothy Liljegren (BUF) for Fighting (Major) at 2:47
Carson Soucy (CLB) for Fighting (Major) at 2:47
Brandon Saad (BUF) for Fighting (Major) at 2:47
Nick Paul (CLB) for Fighting (Major) at 2:47
Brandon Saad (BUF) for instigated a fight (Game Misconduct) at 2:47
Hampus Lindholm (BUF) for Slashing (Minor) at 2:47
Rudolfs Balcers (CLB) for Slashing (Minor) at 2:47
Ryan Johansen (BUF) for Roughing (Double Minor) at 2:47
Will Borgen (CLB) for Roughing (Minor) at 7:20
Tyler Johnson (CLB) for High sticking (Minor) at 7:46
Carson Soucy (CLB) for Holding Stick (Minor) at 9:33
Ryan Johansen (BUF) for Interference (Minor) at 13:53
Goalie Stats
Vitek Vanecek (CLB), 41 saves from 44 shots - (0,932), W, 27-12-5, 60:00 minutes
Michael Hutchinson (BUF), 21 saves from 21 shots - (1,000), 31:37 minutes
Thatcher Demko (BUF), 10 saves from 14 shots - (0,714), L, 16-15-1, 27:19 minutes
3 StarsOfficial
1 - Tyler Johnson (CLB)
2 - Nelson Nogier (BUF)
3 - Vitek Vanecek (CLB)
Referees : Steve Kozari and Kyle Rehman
Linesman : Dan Schachte and Don Henderson
Game Note
Tyler Johnson has scored a Hat Trick!
Michael Hutchinson enters game at 7:19 of 2nd period
General Fight at 2:47 of 3rd period
Timothy Liljegren and Carson Soucy fight to a draw at 2:47 of 3rd period
Brandon Saad and Nick Paul fight to a draw at 2:47 of 3rd period
Brandon Saad (BUF) for instigated a fight (Game Misconduct) at 2:47
Brandon Saad ejected from game at 2:47 of 3rd period
Brandon Saad from BUFFALO Sabres is suspended for 1 game(s)
Finance
Level 1 -- Attendance: 4062 (67,70%) -- Ticket Income $710,850
Level 2 -- Attendance: 3984 (70,02%) -- Ticket Income $354,576
Level 3 -- Attendance: 1507 (75,35%) -- Ticket Income $102,476
Level 4 -- Attendance: 3965 (99,13%) -- Ticket Income $142,740
Luxury Box -- Attendance: 934 (93,40%) -- Ticket Income $241,906
Game was played at the HSBC Arena.
Total Attendance: 14452 (77,32%)
Total Ticket Income: $1,552,548
Other Income: $310,510
Total Income: $1,863,058



Team Name Goals Shots Shots Attemp Shots Blocked PIM HIT PP PK FO%
COLUMBUS Blue Jackets 435701226151 / 6 (17%)150%
BUFFALO Sabres 344821234301 / 7 (14%)150%

COLUMBUS Blue Jackets
Player Name POS G A P +/- PIM HIT SHT SB MP PP MP PP SHT PK MP PK SHT FO% FOT
Artturi LehkonenLW/RW0000212016:254:0600:0000% 0
Bo HorvatC0000011019:144:0613:22052% 27
Carson SoucyD1011712219:261:5414:1300% 0
Colin BlackwellC/LW/RW0000001014:304:0600:36050% 2
Dante FabbroD0110022327:065:2326:2600% 0
Jack RoslovicC/RW0112001023:304:1906:4600% 1
John MarinoD0220223324:524:1925:1700% 0
Jordan GrossD0110001014:351:0802:1100% 0
Justin DanforthRW000000109:480:0000:0000% 2
Nick PaulLW000-150005:190:0000:0000% 0
Nino NiederreiterLW/RW0000001112:500:0001:0400% 3
Pierre-luc DuboisC/LW0002023123:484:1937:04054% 41
Rudolfs BalcersLW/RW000-141005:520:0000:0000% 0
Sam SteelC000-100005:540:0000:00083% 6
Tyler JohnsonC/LW/RW31422211019:594:1953:160100% 1
Will BorgenD0000214111:040:0000:0000% 0
William LagessonD0111001122:534:0615:1600% 0
Yan GourdeC/LW/RW000022109:470:0000:00036% 11
BUFFALO Sabres
Player Name POS G A P +/- PIM HIT SHT SB MP PP MP PP SHT PK MP PK SHT FO% FOT
Anton BlidhLW000001107:260:0000:0000% 1
Brandon SaadLW/RW11211703015:214:3210:3200% 2
Conor ShearyLW/RW1011013018:004:5400:0000% 1
Eetu LuostarinenC000000107:260:0000:00040% 10
Hampus LindholmD000-1452224:226:0412:3800% 0
Ivan BarbashevC/LW/RW000-1013011:590:0000:00050% 14
Jesper BoqvistC/LW000000000:000:0000:0000% 0
Joe HickettsD000-2002113:430:0001:5700% 0
Joel FarabeeLW000-1022016:162:2600:00050% 2
Michael Del ZottoD000-2260215:020:0003:3400% 0
Mikhail GrigorenkoC/LW/RW011-1016015:295:0022:33075% 4
Nelson NogierD0222005222:425:3843:5600% 0
Robby FabbriC/LW101-1016124:295:0014:39238% 21
Ryan JohansenC0111633121:386:3211:41065% 26
Sam GagnerC/LW/RW000-1026118:566:4244:29058% 12
Timothy LiljegrenD000-1501122:306:0411:5400% 0
Tyler MyersD0112030121:375:3802:5100% 0
Warren FoegeleLW/RW000-1040012:330:0000:5700% 1



Play-by-Play

1st period


0:01 of 1st period - Pierre-luc Dubois wins face-off versus Conor Sheary in neutral zone.
0:14 of 1st period - Shot by Tyler Johnson.
0:14 of 1st period - Stopped by Thatcher Demko without a rebound.
0:15 of 1st period - Sam Gagner wins face-off versus Bo Horvat in BUFFALO Sabres zone.
0:32 of 1st period - Shot by Mikhail Grigorenko.
0:32 of 1st period - Stopped by Vitek Vanecek without a rebound.
0:33 of 1st period - Yan Gourde wins face-off versus Warren Foegele in COLUMBUS Blue Jackets zone.
0:42 of 1st period - Shot by Yan Gourde.
0:42 of 1st period - Stopped by Thatcher Demko without a rebound.
0:43 of 1st period - Sam Steel wins face-off versus Anton Blidh in BUFFALO Sabres zone.
1:09 of 1st period - Shot by Eetu Luostarinen.
1:09 of 1st period - Shot Misses the Net.
1:16 of 1st period - Icing by John Marino.
1:17 of 1st period - Sam Steel wins face-off versus Ryan Johansen in COLUMBUS Blue Jackets zone.
2:13 of 1st period - Shot by Carson Soucy.
2:13 of 1st period - Shot Blocked by Timothy Liljegren.
2:15 of 1st period - Shot by Tyler Johnson.
2:15 of 1st period - Shot Misses the Net.
2:17 of 1st period - Shot by Carson Soucy.
2:17 of 1st period - Goal by Carson Soucy - COLUMBUS Blue Jackets : 1 - BUFFALO Sabres : 0.
2:18 of 1st period - Bo Horvat wins face-off versus Robby Fabbri in neutral zone.
2:23 of 1st period - Shot by Sam Gagner.
2:23 of 1st period - Stopped by Vitek Vanecek without a rebound.
2:24 of 1st period - Bo Horvat wins face-off versus Sam Gagner in COLUMBUS Blue Jackets zone.
2:41 of 1st period - Shot by Robby Fabbri.
2:41 of 1st period - Stopped by Vitek Vanecek without a rebound.
2:42 of 1st period - Ivan Barbashev wins face-off versus Justin Danforth in COLUMBUS Blue Jackets zone.
2:54 of 1st period - Warren Foegele is hit by Carson Soucy and loses puck.
3:18 of 1st period - Minor Penalty to Michael Del Zotto for Holding.
3:19 of 1st period - Pierre-luc Dubois wins face-off versus Ryan Johansen in BUFFALO Sabres zone.
3:40 of 1st period - Shot by John Marino.
3:40 of 1st period - Shot Misses the Net.
3:42 of 1st period - Shot by Dante Fabbro.
3:42 of 1st period - Shot Misses the Net.
3:44 of 1st period - Shot by John Marino.
3:44 of 1st period - Stopped by Thatcher Demko with a rebound.
3:46 of 1st period - Shot by Tyler Johnson.
3:46 of 1st period - Goal by Tyler Johnson - COLUMBUS Blue Jackets : 2 - BUFFALO Sabres : 0.
3:47 of 1st period - Bo Horvat wins face-off versus Eetu Luostarinen in neutral zone.
3:53 of 1st period - Nino Niederreiter is hit by Hampus Lindholm and loses puck.
4:22 of 1st period - Shot by Anton Blidh.
4:22 of 1st period - Shot Misses the Net.
4:24 of 1st period - Shot by Anton Blidh.
4:24 of 1st period - Stopped by Vitek Vanecek without a rebound.
4:25 of 1st period - Ryan Johansen wins face-off versus Pierre-luc Dubois in COLUMBUS Blue Jackets zone.
4:28 of 1st period - Shot by Brandon Saad.
4:28 of 1st period - Stopped by Vitek Vanecek with a rebound.
4:30 of 1st period - Shot by Brandon Saad.
4:30 of 1st period - Goal by Brandon Saad - COLUMBUS Blue Jackets : 2 - BUFFALO Sabres : 1.
4:31 of 1st period - Pierre-luc Dubois wins face-off versus Ryan Johansen in neutral zone.
5:48 of 1st period - Shot by Mikhail Grigorenko.
5:48 of 1st period - Stopped by Vitek Vanecek without a rebound.
5:49 of 1st period - Bo Horvat wins face-off versus Ivan Barbashev in COLUMBUS Blue Jackets zone.
6:09 of 1st period - Nino Niederreiter is hit by Hampus Lindholm and loses puck.
6:26 of 1st period - Shot by Nino Niederreiter.
6:26 of 1st period - Shot Misses the Net.
6:28 of 1st period - Shot by Will Borgen.
6:28 of 1st period - Stopped by Thatcher Demko without a rebound.
6:29 of 1st period - Sam Gagner wins face-off versus Justin Danforth in BUFFALO Sabres zone.
6:29 of 1st period - Sam Gagner is hit by Yan Gourde.
6:53 of 1st period - Shot by Mikhail Grigorenko.
6:53 of 1st period - Stopped by Vitek Vanecek without a rebound.
6:54 of 1st period - Ryan Johansen wins face-off versus Pierre-luc Dubois in COLUMBUS Blue Jackets zone.
6:54 of 1st period - Brandon Saad is hit by John Marino and loses puck.
7:01 of 1st period - Joe Hicketts is hit by Pierre-luc Dubois and loses puck.
7:17 of 1st period - Shot by Pierre-luc Dubois.
7:17 of 1st period - Shot Misses the Net.
7:19 of 1st period - Shot by Tyler Johnson.
7:19 of 1st period - Shot Blocked by Ryan Johansen.
7:33 of 1st period - Shot by Jack Roslovic.
7:33 of 1st period - Deflect By Tyler Johnson.
7:33 of 1st period - Stopped by Thatcher Demko without a rebound.
7:34 of 1st period - Sam Gagner wins face-off versus Nino Niederreiter in BUFFALO Sabres zone.
7:34 of 1st period - Sam Gagner is hit by Artturi Lehkonen.
7:47 of 1st period - Icing by Bo Horvat.
7:48 of 1st period - Bo Horvat wins face-off versus Ivan Barbashev in COLUMBUS Blue Jackets zone.
7:48 of 1st period - Bo Horvat is hit by Joel Farabee.
7:59 of 1st period - Icing by Nelson Nogier.
8:00 of 1st period - Ivan Barbashev wins face-off versus Pierre-luc Dubois in BUFFALO Sabres zone.
8:18 of 1st period - Shot by Jack Roslovic.
8:18 of 1st period - Stopped by Thatcher Demko without a rebound.
8:19 of 1st period - Robby Fabbri wins face-off versus Yan Gourde in BUFFALO Sabres zone.
8:19 of 1st period - Hampus Lindholm is hit by Yan Gourde and loses puck.
8:25 of 1st period - Minor Penalty to Yan Gourde for Interference.
8:26 of 1st period - Ryan Johansen wins face-off versus Pierre-luc Dubois in COLUMBUS Blue Jackets zone.
9:05 of 1st period - Shot by Sam Gagner.
9:05 of 1st period - Shot Blocked by Pierre-luc Dubois.
9:54 of 1st period - Shot by Mikhail Grigorenko.
9:54 of 1st period - Shot Misses the Net.
9:56 of 1st period - Shot by Mikhail Grigorenko.
9:56 of 1st period - Stopped by Vitek Vanecek with a rebound.
9:58 of 1st period - Shot by Nelson Nogier.
9:58 of 1st period - Stopped by Vitek Vanecek with a rebound.
10:36 of 1st period - Off-side.
10:37 of 1st period - Sam Steel wins face-off versus Ivan Barbashev in neutral zone.
11:06 of 1st period - Shot by Will Borgen.
11:06 of 1st period - Stopped by Thatcher Demko without a rebound.
11:07 of 1st period - Yan Gourde wins face-off versus Eetu Luostarinen in BUFFALO Sabres zone.
11:34 of 1st period - Minor Penalty to John Marino for Roughing.
11:35 of 1st period - Pierre-luc Dubois wins face-off versus Ryan Johansen in COLUMBUS Blue Jackets zone.
12:14 of 1st period - Shot by Sam Gagner.
12:14 of 1st period - Shot Misses the Net.
12:16 of 1st period - Shot by Sam Gagner.
12:16 of 1st period - Stopped by Vitek Vanecek without a rebound.
12:17 of 1st period - Pierre-luc Dubois wins face-off versus Robby Fabbri in COLUMBUS Blue Jackets zone.
12:29 of 1st period - Dante Fabbro is hit by Conor Sheary and loses puck.
12:40 of 1st period - Shot by Mikhail Grigorenko.
12:40 of 1st period - Shot Misses the Net.
12:42 of 1st period - Shot by Mikhail Grigorenko.
12:42 of 1st period - Shot Misses the Net.
12:44 of 1st period - Shot by Hampus Lindholm.
12:44 of 1st period - Stopped by Vitek Vanecek without a rebound.
12:45 of 1st period - Tyler Johnson wins face-off versus Brandon Saad in COLUMBUS Blue Jackets zone.
13:05 of 1st period - Shot by Sam Gagner.
13:05 of 1st period - Deflect By Ryan Johansen.
13:05 of 1st period - Stopped by Vitek Vanecek without a rebound.
13:06 of 1st period - Robby Fabbri wins face-off versus Pierre-luc Dubois in COLUMBUS Blue Jackets zone.
13:23 of 1st period - Shot by Hampus Lindholm.
13:23 of 1st period - Deflect By Robby Fabbri.
13:23 of 1st period - Shot Misses the Net.
13:38 of 1st period - Icing by William Lagesson.
13:39 of 1st period - Bo Horvat wins face-off versus Ivan Barbashev in COLUMBUS Blue Jackets zone.
13:39 of 1st period - Bo Horvat is hit by Warren Foegele.
14:04 of 1st period - Shot by Artturi Lehkonen.
14:04 of 1st period - Stopped by Thatcher Demko without a rebound.
14:05 of 1st period - Yan Gourde wins face-off versus Ryan Johansen in BUFFALO Sabres zone.
15:03 of 1st period - Icing by William Lagesson.
15:04 of 1st period - Sam Gagner wins face-off versus Bo Horvat in COLUMBUS Blue Jackets zone.
15:13 of 1st period - Shot by Mikhail Grigorenko.
15:13 of 1st period - Shot Misses the Net.
15:40 of 1st period - Shot by Nino Niederreiter.
15:40 of 1st period - Stopped by Thatcher Demko without a rebound.
15:41 of 1st period - Pierre-luc Dubois wins face-off versus Ivan Barbashev in BUFFALO Sabres zone.
15:46 of 1st period - Shot by Jack Roslovic.
15:46 of 1st period - Shot Misses the Net.
15:48 of 1st period - Shot by Tyler Johnson.
15:48 of 1st period - Goal by Tyler Johnson - COLUMBUS Blue Jackets : 3 - BUFFALO Sabres : 1.
15:49 of 1st period - Ivan Barbashev wins face-off versus Pierre-luc Dubois in neutral zone.
15:52 of 1st period - Shot by Joe Hicketts.
15:52 of 1st period - Stopped by Vitek Vanecek with a rebound.
15:54 of 1st period - Shot by Joel Farabee.
15:54 of 1st period - Shot Misses the Net.
16:59 of 1st period - Icing by John Marino.
17:00 of 1st period - Pierre-luc Dubois wins face-off versus Sam Gagner in COLUMBUS Blue Jackets zone.
17:00 of 1st period - Pierre-luc Dubois is hit by Mikhail Grigorenko.
17:56 of 1st period - Icing by Nelson Nogier.
17:57 of 1st period - Sam Gagner wins face-off versus Yan Gourde in BUFFALO Sabres zone.
18:18 of 1st period - Shot by Justin Danforth.
18:18 of 1st period - Stopped by Thatcher Demko without a rebound.
18:19 of 1st period - Ivan Barbashev wins face-off versus Sam Steel in BUFFALO Sabres zone.
18:43 of 1st period - Shot by Warren Foegele.
18:43 of 1st period - Deflect By Joel Farabee.
18:43 of 1st period - Shot Blocked by Carson Soucy.
18:45 of 1st period - Shot by Ivan Barbashev.
18:45 of 1st period - Stopped by Vitek Vanecek without a rebound.
18:46 of 1st period - Ryan Johansen wins face-off versus Bo Horvat in COLUMBUS Blue Jackets zone.
19:21 of 1st period - Icing by Brandon Saad.
19:22 of 1st period - Ryan Johansen wins face-off versus Jack Roslovic in BUFFALO Sabres zone.
19:37 of 1st period - Shot by Conor Sheary.
19:37 of 1st period - Stopped by Vitek Vanecek without a rebound.
19:38 of 1st period - Sam Gagner wins face-off versus Yan Gourde in COLUMBUS Blue Jackets zone.
19:42 of 1st period - Icing by John Marino.
19:43 of 1st period - Sam Gagner wins face-off versus Yan Gourde in COLUMBUS Blue Jackets zone.
19:44 of 1st period - Shot by Nelson Nogier.
19:44 of 1st period - Shot Misses the Net.
Goals for this period are 3 for COLUMBUS Blue Jackets vs 1 for BUFFALO Sabres.
Shots for this period are 13 for COLUMBUS Blue Jackets vs 16 for BUFFALO Sabres.

2nd period


0:01 of 2nd period - Ryan Johansen wins face-off versus Pierre-luc Dubois in neutral zone.
1:01 of 2nd period - Minor Penalty to Artturi Lehkonen for Tripping.
1:02 of 2nd period - Mikhail Grigorenko wins face-off versus Nino Niederreiter in COLUMBUS Blue Jackets zone.
1:07 of 2nd period - Shot by Nelson Nogier.
1:07 of 2nd period - Stopped by Vitek Vanecek without a rebound.
1:08 of 2nd period - Robby Fabbri wins face-off versus Pierre-luc Dubois in COLUMBUS Blue Jackets zone.
1:25 of 2nd period - Shot by Nelson Nogier.
1:25 of 2nd period - Stopped by Vitek Vanecek without a rebound.
1:26 of 2nd period - Pierre-luc Dubois wins face-off versus Brandon Saad in COLUMBUS Blue Jackets zone.
1:44 of 2nd period - Nelson Nogier is hit by Dante Fabbro and loses puck.
1:51 of 2nd period - Shot by Brandon Saad.
1:51 of 2nd period - Shot Blocked by Dante Fabbro.
2:38 of 2nd period - Shot by Hampus Lindholm.
2:38 of 2nd period - Shot Misses the Net.
2:40 of 2nd period - Shot by Mikhail Grigorenko.
2:40 of 2nd period - Stopped by Vitek Vanecek with a rebound.
2:42 of 2nd period - Shot by Robby Fabbri.
2:42 of 2nd period - Shot Misses the Net.
2:44 of 2nd period - Shot by Robby Fabbri.
2:44 of 2nd period - Shot Misses the Net.
2:58 of 2nd period - Shot by Brandon Saad.
2:58 of 2nd period - Stopped by Vitek Vanecek without a rebound.
2:59 of 2nd period - Ryan Johansen wins face-off versus Pierre-luc Dubois in COLUMBUS Blue Jackets zone.
3:12 of 2nd period - Shot by Joel Farabee.
3:12 of 2nd period - Stopped by Vitek Vanecek with a rebound.
3:14 of 2nd period - Shot by Warren Foegele.
3:14 of 2nd period - Shot Misses the Net.
3:16 of 2nd period - Shot by Ivan Barbashev.
3:16 of 2nd period - Shot Misses the Net.
3:18 of 2nd period - Shot by Joel Farabee.
3:18 of 2nd period - Shot Misses the Net.
3:20 of 2nd period - Shot by Ivan Barbashev.
3:20 of 2nd period - Shot Blocked by Will Borgen.
3:22 of 2nd period - Shot by Ivan Barbashev.
3:22 of 2nd period - Stopped by Vitek Vanecek without a rebound.
3:23 of 2nd period - Eetu Luostarinen wins face-off versus Bo Horvat in COLUMBUS Blue Jackets zone.
3:52 of 2nd period - Artturi Lehkonen is hit by Hampus Lindholm.
5:36 of 2nd period - Shot by Colin Blackwell.
5:36 of 2nd period - Shot Misses the Net.
6:53 of 2nd period - Off-side.
6:54 of 2nd period - Pierre-luc Dubois wins face-off versus Sam Gagner in neutral zone.
7:03 of 2nd period - Michael Del Zotto is hit by Tyler Johnson.
7:19 of 2nd period - Shot by Tyler Johnson.
7:19 of 2nd period - Goal by Tyler Johnson - COLUMBUS Blue Jackets : 4 - BUFFALO Sabres : 1.
7:19 of 2nd period - Michael Hutchinson enters game.
7:20 of 2nd period - Bo Horvat wins face-off versus Eetu Luostarinen in neutral zone.
7:51 of 2nd period - Shot by Bo Horvat.
7:51 of 2nd period - Shot Hit the Post.
7:53 of 2nd period - Shot by Will Borgen.
7:53 of 2nd period - Shot Misses the Net.
7:55 of 2nd period - Shot by Jordan Gross.
7:55 of 2nd period - Shot Misses the Net.
7:57 of 2nd period - Shot by Jordan Gross.
7:57 of 2nd period - Stopped by Michael Hutchinson without a rebound.
7:58 of 2nd period - Pierre-luc Dubois wins face-off versus Ryan Johansen in BUFFALO Sabres zone.
8:04 of 2nd period - Icing by Joe Hicketts.
8:05 of 2nd period - Pierre-luc Dubois wins face-off versus Ryan Johansen in BUFFALO Sabres zone.
8:10 of 2nd period - Shot by Tyler Johnson.
8:10 of 2nd period - Shot Misses the Net.
8:32 of 2nd period - Shot by Tyler Johnson.
8:32 of 2nd period - Stopped by Michael Hutchinson without a rebound.
8:33 of 2nd period - Bo Horvat wins face-off versus Sam Gagner in BUFFALO Sabres zone.
8:34 of 2nd period - Shot by Artturi Lehkonen.
8:34 of 2nd period - Shot Blocked by Hampus Lindholm.
9:01 of 2nd period - Artturi Lehkonen is hit by Sam Gagner and loses puck.
9:14 of 2nd period - Shot by Nino Niederreiter.
9:14 of 2nd period - Shot Misses the Net.
9:16 of 2nd period - Shot by William Lagesson.
9:16 of 2nd period - Shot Blocked by Robby Fabbri.
9:27 of 2nd period - Icing by Hampus Lindholm.
9:28 of 2nd period - Pierre-luc Dubois wins face-off versus Sam Gagner in BUFFALO Sabres zone.
9:28 of 2nd period - Minor Penalty to Hampus Lindholm for Interference.
9:29 of 2nd period - Ryan Johansen wins face-off versus Pierre-luc Dubois in BUFFALO Sabres zone.
9:52 of 2nd period - Shot by Tyler Johnson.
9:52 of 2nd period - Deflect By Jack Roslovic.
9:52 of 2nd period - Shot Misses the Net.
9:54 of 2nd period - Shot by Dante Fabbro.
9:54 of 2nd period - Shot Misses the Net.
10:14 of 2nd period - Shot by Dante Fabbro.
10:14 of 2nd period - Stopped by Michael Hutchinson with a rebound.
10:30 of 2nd period - Shot by Carson Soucy.
10:30 of 2nd period - Stopped by Michael Hutchinson without a rebound.
10:31 of 2nd period - Ryan Johansen wins face-off versus Bo Horvat in BUFFALO Sabres zone.
11:35 of 2nd period - Warren Foegele is hit by Will Borgen and loses puck.
11:50 of 2nd period - Shot by Warren Foegele.
11:50 of 2nd period - Shot Misses the Net.
11:52 of 2nd period - Shot by Ivan Barbashev.
11:52 of 2nd period - Stopped by Vitek Vanecek with a rebound.
11:58 of 2nd period - Shot by Joel Farabee.
11:58 of 2nd period - Shot Misses the Net.
12:00 of 2nd period - Shot by Joel Farabee.
12:00 of 2nd period - Stopped by Vitek Vanecek with a rebound.
12:20 of 2nd period - Shot by Conor Sheary.
12:20 of 2nd period - Goal by Conor Sheary - COLUMBUS Blue Jackets : 4 - BUFFALO Sabres : 2.
12:21 of 2nd period - Pierre-luc Dubois wins face-off versus Eetu Luostarinen in neutral zone.
12:37 of 2nd period - Jack Roslovic is hit by Tyler Myers and loses puck.
13:11 of 2nd period - Off-side.
13:12 of 2nd period - Ryan Johansen wins face-off versus Bo Horvat in neutral zone.
13:45 of 2nd period - Ryan Johansen is hit by Bo Horvat.
14:00 of 2nd period - Icing by William Lagesson.
14:01 of 2nd period - Ivan Barbashev wins face-off versus Bo Horvat in COLUMBUS Blue Jackets zone.
14:02 of 2nd period - Shot by Joe Hicketts.
14:02 of 2nd period - Stopped by Vitek Vanecek with a rebound.
14:20 of 2nd period - Shot by Joel Farabee.
14:20 of 2nd period - Shot Misses the Net.
14:27 of 2nd period - Colin Blackwell is hit by Michael Del Zotto and loses puck.
14:30 of 2nd period - Shot by Colin Blackwell.
14:30 of 2nd period - Shot Blocked by Joe Hicketts.
14:51 of 2nd period - Colin Blackwell is hit by Michael Del Zotto.
15:02 of 2nd period - Icing by John Marino.
15:03 of 2nd period - Colin Blackwell wins face-off versus Robby Fabbri in COLUMBUS Blue Jackets zone.
15:32 of 2nd period - Shot by Will Borgen.
15:32 of 2nd period - Stopped by Michael Hutchinson without a rebound.
15:33 of 2nd period - Ryan Johansen wins face-off versus Bo Horvat in BUFFALO Sabres zone.
15:38 of 2nd period - Nino Niederreiter is hit by Ryan Johansen and loses puck.
15:47 of 2nd period - Artturi Lehkonen is hit by Hampus Lindholm and loses puck.
16:02 of 2nd period - Shot by Artturi Lehkonen.
16:02 of 2nd period - Stopped by Michael Hutchinson with a rebound.
16:04 of 2nd period - Shot by Carson Soucy.
16:04 of 2nd period - Shot Misses the Net.
16:06 of 2nd period - Shot by William Lagesson.
16:06 of 2nd period - Shot Hit the Post.
16:37 of 2nd period - Shot by Sam Gagner.
16:37 of 2nd period - Shot Misses the Net.
16:39 of 2nd period - Shot by Nelson Nogier.
16:39 of 2nd period - Deflect By Mikhail Grigorenko.
16:39 of 2nd period - Shot Misses the Net.
16:41 of 2nd period - Shot by Mikhail Grigorenko.
16:41 of 2nd period - Stopped by Vitek Vanecek with a rebound.
16:51 of 2nd period - Shot by Sam Gagner.
16:51 of 2nd period - Stopped by Vitek Vanecek without a rebound.
16:52 of 2nd period - Yan Gourde wins face-off versus Ivan Barbashev in COLUMBUS Blue Jackets zone.
16:52 of 2nd period - Yan Gourde is hit by Ivan Barbashev.
17:02 of 2nd period - Dante Fabbro is hit by Warren Foegele.
17:13 of 2nd period - Joel Farabee is hit by Dante Fabbro and loses puck.
17:26 of 2nd period - Shot by Joel Farabee.
17:26 of 2nd period - Shot Blocked by Dante Fabbro.
17:28 of 2nd period - Shot by Ivan Barbashev.
17:28 of 2nd period - Deflect By Joel Farabee.
17:28 of 2nd period - Shot Misses the Net.
18:44 of 2nd period - Off-side.
18:45 of 2nd period - Ryan Johansen wins face-off versus Bo Horvat in neutral zone.
18:56 of 2nd period - Shot by Conor Sheary.
18:56 of 2nd period - Shot Blocked by William Lagesson.
18:58 of 2nd period - Shot by Hampus Lindholm.
18:58 of 2nd period - Shot Blocked by Carson Soucy.
19:00 of 2nd period - Shot by Hampus Lindholm.
19:00 of 2nd period - Shot Misses the Net.
19:10 of 2nd period - Shot by Conor Sheary.
19:10 of 2nd period - Stopped by Vitek Vanecek with a rebound.
19:12 of 2nd period - Shot by Ryan Johansen.
19:12 of 2nd period - Stopped by Vitek Vanecek without a rebound.
19:13 of 2nd period - Sam Steel wins face-off versus Ivan Barbashev in COLUMBUS Blue Jackets zone.
19:13 of 2nd period - Sam Steel is hit by Warren Foegele.
19:22 of 2nd period - Minor Penalty to Rudolfs Balcers for Hooking.
19:23 of 2nd period - Pierre-luc Dubois wins face-off versus Ryan Johansen in COLUMBUS Blue Jackets zone.
19:43 of 2nd period - Icing by Hampus Lindholm.
19:44 of 2nd period - Ryan Johansen wins face-off versus Pierre-luc Dubois in BUFFALO Sabres zone.
Goals for this period are 1 for COLUMBUS Blue Jackets vs 1 for BUFFALO Sabres.
Shots for this period are 7 for COLUMBUS Blue Jackets vs 14 for BUFFALO Sabres.

3rd period


0:01 of 3rd period - Ryan Johansen wins face-off versus Pierre-luc Dubois in neutral zone.
0:04 of 3rd period - John Marino is hit by Sam Gagner and loses puck.
0:22 of 3rd period - Brandon Saad is hit by John Marino and loses puck.
0:25 of 3rd period - Shot by Sam Gagner.
0:25 of 3rd period - Stopped by Vitek Vanecek with a rebound.
0:27 of 3rd period - Shot by Hampus Lindholm.
0:27 of 3rd period - Shot Misses the Net.
0:29 of 3rd period - Shot by Timothy Liljegren.
0:29 of 3rd period - Shot Blocked by John Marino.
2:28 of 3rd period - Shot by Anton Blidh.
2:28 of 3rd period - Shot Blocked by John Marino.
2:30 of 3rd period - Shot by Robby Fabbri.
2:30 of 3rd period - Stopped by Vitek Vanecek with a rebound.
2:32 of 3rd period - Shot by Robby Fabbri.
2:32 of 3rd period - Stopped by Vitek Vanecek with a rebound.
2:34 of 3rd period - Shot by Nelson Nogier.
2:34 of 3rd period - Stopped by Vitek Vanecek without a rebound.
2:35 of 3rd period - Sam Steel wins face-off versus Ryan Johansen in COLUMBUS Blue Jackets zone.
2:47 of 3rd period - Timothy Liljegren and Carson Soucy fight to a draw.
2:47 of 3rd period - Penalty to Timothy Liljegren for Fighting.
2:47 of 3rd period - Penalty to Carson Soucy for Fighting.
2:47 of 3rd period - Brandon Saad and Nick Paul fight to a draw.
2:47 of 3rd period - Penalty to Brandon Saad for Fighting.
2:47 of 3rd period - Penalty to Nick Paul for Fighting.
2:47 of 3rd period - Penalty to Brandon Saad for instigated a fight.
2:47 of 3rd period - Brandon Saad is ejected from game.
2:47 of 3rd period - Minor Penalty to Hampus Lindholm for Slashing.
2:47 of 3rd period - Minor Penalty to Rudolfs Balcers for Slashing.
2:47 of 3rd period - Double Minor Penalty to Ryan Johansen for Roughing.
2:48 of 3rd period - Robby Fabbri wins face-off versus Pierre-luc Dubois in BUFFALO Sabres zone.
2:54 of 3rd period - Shot by Dante Fabbro.
2:54 of 3rd period - Stopped by Michael Hutchinson with a rebound.
3:13 of 3rd period - Shot by Tyler Johnson.
3:13 of 3rd period - Stopped by Michael Hutchinson without a rebound.
3:14 of 3rd period - Bo Horvat wins face-off versus Robby Fabbri in BUFFALO Sabres zone.
3:37 of 3rd period - Shot by Dante Fabbro.
3:37 of 3rd period - Shot Misses the Net.
3:39 of 3rd period - Shot by Colin Blackwell.
3:39 of 3rd period - Deflect By Bo Horvat.
3:39 of 3rd period - Stopped by Michael Hutchinson without a rebound.
3:40 of 3rd period - Pierre-luc Dubois wins face-off versus Robby Fabbri in BUFFALO Sabres zone.
4:01 of 3rd period - Shot by Jack Roslovic.
4:01 of 3rd period - Deflect By Tyler Johnson.
4:01 of 3rd period - Stopped by Michael Hutchinson without a rebound.
4:02 of 3rd period - Bo Horvat wins face-off versus Robby Fabbri in BUFFALO Sabres zone.
4:03 of 3rd period - Shot by John Marino.
4:03 of 3rd period - Stopped by Michael Hutchinson without a rebound.
4:04 of 3rd period - Bo Horvat wins face-off versus Robby Fabbri in BUFFALO Sabres zone.
4:05 of 3rd period - Shot by Colin Blackwell.
4:05 of 3rd period - Shot Misses the Net.
4:17 of 3rd period - Shot by William Lagesson.
4:17 of 3rd period - Shot Misses the Net.
4:33 of 3rd period - Shot by Robby Fabbri.
4:33 of 3rd period - Stopped by Vitek Vanecek with a rebound.
4:35 of 3rd period - Shot by Robby Fabbri.
4:35 of 3rd period - Stopped by Vitek Vanecek without a rebound.
4:36 of 3rd period - Mikhail Grigorenko wins face-off versus Pierre-luc Dubois in COLUMBUS Blue Jackets zone.
4:49 of 3rd period - Shot by Pierre-luc Dubois.
4:49 of 3rd period - Stopped by Michael Hutchinson without a rebound.
4:50 of 3rd period - Robby Fabbri wins face-off versus Pierre-luc Dubois in BUFFALO Sabres zone.
4:58 of 3rd period - Pierre-luc Dubois is hit by Michael Del Zotto and loses puck.
5:07 of 3rd period - Shot by Tyler Johnson.
5:07 of 3rd period - Stopped by Michael Hutchinson with a rebound.
5:09 of 3rd period - Shot by William Lagesson.
5:09 of 3rd period - Shot Blocked by Michael Del Zotto.
5:11 of 3rd period - Shot by Dante Fabbro.
5:11 of 3rd period - Shot Blocked by Hampus Lindholm.
5:13 of 3rd period - Shot by Pierre-luc Dubois.
5:13 of 3rd period - Stopped by Michael Hutchinson without a rebound.
5:14 of 3rd period - Bo Horvat wins face-off versus Robby Fabbri in BUFFALO Sabres zone.
5:44 of 3rd period - Icing by Artturi Lehkonen.
5:45 of 3rd period - Robby Fabbri wins face-off versus Bo Horvat in COLUMBUS Blue Jackets zone.
5:50 of 3rd period - Shot by Robby Fabbri.
5:50 of 3rd period - Shot Misses the Net.
6:07 of 3rd period - Off-side.
6:08 of 3rd period - Pierre-luc Dubois wins face-off versus Mikhail Grigorenko in neutral zone.
6:08 of 3rd period - Pierre-luc Dubois is hit by Warren Foegele.
6:14 of 3rd period - Shot by Pierre-luc Dubois.
6:14 of 3rd period - Stopped by Michael Hutchinson without a rebound.
6:15 of 3rd period - Pierre-luc Dubois wins face-off versus Robby Fabbri in BUFFALO Sabres zone.
6:31 of 3rd period - Shot by Tyler Johnson.
6:31 of 3rd period - Shot Misses the Net.
6:33 of 3rd period - Shot by Pierre-luc Dubois.
6:33 of 3rd period - Shot Misses the Net.
6:35 of 3rd period - Shot by William Lagesson.
6:35 of 3rd period - Stopped by Michael Hutchinson without a rebound.
6:36 of 3rd period - Mikhail Grigorenko wins face-off versus Bo Horvat in BUFFALO Sabres zone.
7:10 of 3rd period - Rudolfs Balcers is hit by Tyler Myers and loses puck.
7:20 of 3rd period - Minor Penalty to Will Borgen for Roughing.
7:21 of 3rd period - Pierre-luc Dubois wins face-off versus Eetu Luostarinen in COLUMBUS Blue Jackets zone.
7:21 of 3rd period - Pierre-luc Dubois is hit by Anton Blidh.
7:28 of 3rd period - Jack Roslovic is hit by Michael Del Zotto and loses puck.
7:39 of 3rd period - Shot by John Marino.
7:39 of 3rd period - Shot Misses the Net.
7:46 of 3rd period - Minor Penalty to Tyler Johnson for High sticking.
7:47 of 3rd period - Joel Farabee wins face-off versus Pierre-luc Dubois in COLUMBUS Blue Jackets zone.
8:14 of 3rd period - Shot by Hampus Lindholm.
8:14 of 3rd period - Shot Blocked by John Marino.
8:16 of 3rd period - Shot by Ryan Johansen.
8:16 of 3rd period - Deflect By Sam Gagner.
8:16 of 3rd period - Stopped by Vitek Vanecek without a rebound.
8:17 of 3rd period - Pierre-luc Dubois wins face-off versus Robby Fabbri in COLUMBUS Blue Jackets zone.
8:17 of 3rd period - Pierre-luc Dubois is hit by Robby Fabbri.
8:50 of 3rd period - Shot by Robby Fabbri.
8:50 of 3rd period - Goal by Robby Fabbri - COLUMBUS Blue Jackets : 4 - BUFFALO Sabres : 3.
8:51 of 3rd period - Ryan Johansen wins face-off versus Pierre-luc Dubois in neutral zone.
9:08 of 3rd period - Shot by Timothy Liljegren.
9:08 of 3rd period - Stopped by Vitek Vanecek without a rebound.
9:09 of 3rd period - Ryan Johansen wins face-off versus Pierre-luc Dubois in COLUMBUS Blue Jackets zone.
9:32 of 3rd period - Shot by Sam Gagner.
9:32 of 3rd period - Stopped by Vitek Vanecek with a rebound.
9:33 of 3rd period - Minor Penalty to Carson Soucy for Holding Stick.
9:34 of 3rd period - Robby Fabbri wins face-off versus Nino Niederreiter in COLUMBUS Blue Jackets zone.
9:37 of 3rd period - Shot by Conor Sheary.
9:37 of 3rd period - Shot Blocked by Dante Fabbro.
9:50 of 3rd period - Conor Sheary is hit by Tyler Johnson and loses puck.
10:47 of 3rd period - Shot by Nelson Nogier.
10:47 of 3rd period - Stopped by Vitek Vanecek without a rebound.
10:48 of 3rd period - Pierre-luc Dubois wins face-off versus Joel Farabee in COLUMBUS Blue Jackets zone.
10:57 of 3rd period - Jack Roslovic is hit by Ryan Johansen and loses puck.
11:36 of 3rd period - Shot by Colin Blackwell.
11:36 of 3rd period - Shot Blocked by Michael Del Zotto.
11:38 of 3rd period - Shot by John Marino.
11:38 of 3rd period - Stopped by Michael Hutchinson without a rebound.
11:39 of 3rd period - Eetu Luostarinen wins face-off versus Yan Gourde in BUFFALO Sabres zone.
12:06 of 3rd period - Shot by Colin Blackwell.
12:06 of 3rd period - Stopped by Michael Hutchinson with a rebound.
12:31 of 3rd period - Icing by Robby Fabbri.
12:32 of 3rd period - Robby Fabbri wins face-off versus Pierre-luc Dubois in BUFFALO Sabres zone.
12:57 of 3rd period - Tyler Johnson is hit by Ryan Johansen and loses puck.
13:10 of 3rd period - Shot by Ryan Johansen.
13:10 of 3rd period - Stopped by Vitek Vanecek without a rebound.
13:11 of 3rd period - Ivan Barbashev wins face-off versus Bo Horvat in COLUMBUS Blue Jackets zone.
13:28 of 3rd period - Shot by Artturi Lehkonen.
13:28 of 3rd period - Shot Blocked by Nelson Nogier.
13:30 of 3rd period - Shot by Will Borgen.
13:30 of 3rd period - Stopped by Michael Hutchinson without a rebound.
13:31 of 3rd period - Ryan Johansen wins face-off versus Yan Gourde in BUFFALO Sabres zone.
13:53 of 3rd period - Minor Penalty to Ryan Johansen for Interference.
13:54 of 3rd period - Pierre-luc Dubois wins face-off versus Robby Fabbri in BUFFALO Sabres zone.
14:23 of 3rd period - Shot by Tyler Johnson.
14:23 of 3rd period - Stopped by Michael Hutchinson without a rebound.
14:24 of 3rd period - Bo Horvat wins face-off versus Robby Fabbri in BUFFALO Sabres zone.
14:34 of 3rd period - Icing by Artturi Lehkonen.
14:35 of 3rd period - Bo Horvat wins face-off versus Robby Fabbri in COLUMBUS Blue Jackets zone.
15:06 of 3rd period - Shot by Artturi Lehkonen.
15:06 of 3rd period - Deflect By Colin Blackwell.
15:06 of 3rd period - Shot Blocked by Sam Gagner.
15:08 of 3rd period - Shot by Colin Blackwell.
15:08 of 3rd period - Shot Blocked by Nelson Nogier.
15:10 of 3rd period - Shot by Dante Fabbro.
15:10 of 3rd period - Shot Blocked by Tyler Myers.
15:38 of 3rd period - Timothy Liljegren is hit by Pierre-luc Dubois and loses puck.
15:46 of 3rd period - Tyler Johnson is hit by Hampus Lindholm and loses puck.
15:58 of 3rd period - Rudolfs Balcers is hit by Michael Del Zotto and loses puck.
16:04 of 3rd period - Joel Farabee is hit by Rudolfs Balcers and loses puck.
16:18 of 3rd period - Jordan Gross is hit by Joel Farabee.
16:23 of 3rd period - Sam Steel is hit by Michael Del Zotto and loses puck.
16:57 of 3rd period - Icing by Anton Blidh.
16:58 of 3rd period - Pierre-luc Dubois wins face-off versus Eetu Luostarinen in BUFFALO Sabres zone.
16:58 of 3rd period - Pierre-luc Dubois is hit by Tyler Myers.
17:12 of 3rd period - Shot by Pierre-luc Dubois.
17:12 of 3rd period - Shot Misses the Net.
17:20 of 3rd period - Shot by Eetu Luostarinen.
17:20 of 3rd period - Stopped by Vitek Vanecek without a rebound.
17:21 of 3rd period - Ivan Barbashev wins face-off versus Bo Horvat in COLUMBUS Blue Jackets zone.
17:32 of 3rd period - Shot by Timothy Liljegren.
17:32 of 3rd period - Shot Blocked by Nino Niederreiter.
17:34 of 3rd period - Shot by Hampus Lindholm.
17:34 of 3rd period - Stopped by Vitek Vanecek with a rebound.
18:45 of 3rd period - Shot by Tyler Johnson.
18:45 of 3rd period - Stopped by Michael Hutchinson without a rebound.
18:46 of 3rd period - Eetu Luostarinen wins face-off versus Colin Blackwell in BUFFALO Sabres zone.
18:52 of 3rd period - Off-side.
18:53 of 3rd period - Eetu Luostarinen wins face-off versus Yan Gourde in neutral zone.
18:56 of 3rd period - BUFFALO Sabres, Michael Hutchinson is pulled from the net.
19:34 of 3rd period - Shot by Eetu Luostarinen.
19:34 of 3rd period - Deflect By Robby Fabbri.
19:34 of 3rd period - Shot Misses the Net.
Goals for this period are 0 for COLUMBUS Blue Jackets vs 1 for BUFFALO Sabres.
Shots for this period are 15 for COLUMBUS Blue Jackets vs 14 for BUFFALO Sabres.